[Event "Szansa Chess Open 2022"]
[Site "Warsaw"]
[Date "2022.09.18"]
[Round "8"]
[White "Kowalski, Igor"]
[Black "Krasenkova, Elena"]
[Result "1-0"]
[ECO "B06"]
[WhiteElo "2344"]
[BlackElo "2124"]
[Annotator "ChessBase"]
[PlyCount "161"]
[EventDate "2022.09.17"]
[EventCountry "POL"]
[SourceTitle "playchess.com"]
[Source "ChessBase"]
[SourceQuality "1"]
[TimeControl "900+10"]

1. d4 g6 2. e4 Bg7 3. Nc3 c6 4. Be3 d6 5. Qd2 Nd7 6. h4 h5 7. Nh3 b5 8. Ng5 Ndf6 9. f3 b4 10. Ne2 a5 11. Nf4 Nh7 12. Nxh7 Rxh7 13. O-O-O Bh6 14. Bd3 e5 15. Nh3 Bxh3 16. Rxh3 Qe7 17. Bc4 Kf8 18. Bxh6+ Nxh6 19. dxe5 dxe5 20. Qd6 Qxd6 21. Rxd6 Rc8 22. Rh1 Ke7 23. Rhd1 Rc7 24. Rd8 Rg7 25. Ra8 Rd7 26. Rxa5 Rxd1+ 27. Kxd1 Kd6 28. Ke2 g5 29. hxg5 Rxg5 30. Kf2 f5 31. Bd3 f4 32. Ra7 h4 33. a4 bxa3 34. bxa3 Rh5 35. a4 h3 36. gxh3 Rxh3 37. a5 Rh1 38. a6 Ra1 39. Rg7 Kc5 40. a7 Ra2 41. Rh7 Ng8 42. Rh8 Rxa7 43. Rxg8 Rd7 44. Ke2 Kd4 45. Kd2 Kc5 46. Rg5 Kd6 47. Kc3 Ra7 48. Bc4 Ra3+ 49. Bb3 Ra1 50. Rg6+ Kd7 51. Kd2 Rf1 52. Ke2 Rb1 53. Be6+ Kc7 54. Bg4 Rb5 55. Kd3 Rc5 56. Re6 Kd8 57. c4 Kc7 58. Kc3 Ra5 59. Kb4 Ra1 60. Rxe5 Kb6 61. Rf5 Rb1+ 62. Kc3 Rc1+ 63. Kd3 Rd1+ 64. Kc2 Rd4 65. Kc3 c5 66. Rxf4 Rd1 67. Rf6+ Kc7 68. e5 Rc1+ 69. Kd3 Rd1+ 70. Kc2 Re1 71. f4 Rg1 72. Bf3 Rf1 73. Bd5 Rf2+ 74. Kd3 Rh2 75. Rf7+ Kd8 76. e6 Rh6 77. f5 Rh3+ 78. Ke4 Rh2 79. Ke5 Rd2 80. f6 Ra2 81. e7+ 1-0

[Event "Szansa Chess Open 2022"]
[Site "Warsaw"]
[Date "2022.09.18"]
[Round "8"]
[White "Lewicki, Miroslaw"]
[Black "Lewtak, Damian"]
[Result "1-0"]
[ECO "C07"]
[WhiteElo "2336"]
[BlackElo "2386"]
[Annotator "ChessBase"]
[PlyCount "49"]
[EventDate "2022.09.17"]
[EventCountry "POL"]
[SourceTitle "playchess.com"]
[Source "ChessBase"]
[SourceQuality "1"]
[TimeControl "900+10"]

1. e4 e6 2. d4 d5 3. Nd2 c5 4. exd5 Qxd5 5. Ngf3 cxd4 6. Bc4 Qd6 7. O-O Nc6 8. Nb3 Nf6 9. Nbxd4 Nxd4 10. Nxd4 Be7 11. Nb5 Qc6 12. Qe2 O-O 13. Be3 b6 14. Nd4 Qc7 15. Rad1 Bb7 16. Bd3 Rfd8 17. c3 h6 18. Bb1 Rd7 19. f3 Rad8 20. Bf2 Bd5 21. Qc2 Qf4 22. Rfe1 Bb7 23. Bg3 Qg5 24. Re5 Qg6 25. Qe2 1-0

[Event "Szansa Chess Open 2022"]
[Site "Warsaw"]
[Date "2022.09.18"]
[Round "8"]
[White "Rudzinska, Michalina"]
[Black "Zochowski, Kacper"]
[Result "0-1"]
[ECO "A04"]
[WhiteElo "2289"]
[BlackElo "2257"]
[Annotator "ChessBase"]
[PlyCount "122"]
[EventDate "2022.09.17"]
[EventCountry "POL"]
[SourceTitle "playchess.com"]
[Source "ChessBase"]
[SourceQuality "1"]
[TimeControl "900+10"]

1. Nf3 d6 2. b3 e5 3. Bb2 Nd7 4. d4 e4 5. Nfd2 f5 6. e3 Ngf6 7. c4 g6 8. Nc3 Bh6 9. Be2 O-O 10. g3 Bg7 11. h4 h5 12. Qc2 c6 13. Ba3 Qe7 14. O-O-O a6 15. f3 Re8 16. fxe4 fxe4 17. g4 hxg4 18. Rdg1 Nf8 19. Nf1 b5 20. Nh2 Rb8 21. Bb2 bxc4 22. bxc4 Bh6 23. Nd1 d5 24. c5 Rb7 25. Nxg4 Bxg4 26. Bxg4 Reb8 27. Rh3 Nxg4 28. Rxg4 Qe6 29. Qg2 Kh7 30. Bc3 Rb1+ 31. Kc2 Qf5 32. h5 g5 33. Rh1 R1b7 34. Rf1 Qe6 35. Rg3 Rf7 36. Rxf7+ Qxf7 37. Qf2 Qxh5 38. Qg2 Ng6 39. Rh3 Nh4 40. Qh2 Rf8 41. Be1 Rf1 42. Qc7+ Bg7 43. Kd2 Rxe1 44. Kxe1 Ng2+ 45. Kd2 Qxh3 46. Qxc6 Qh2 47. Kc1 Qg1 48. Qe6 Qf1 49. Qh3+ Kg6 50. Qe6+ Bf6 51. Qe8+ Kg7 52. Qd7+ Kh6 53. Qh3+ Kg6 54. c6 Qc4+ 55. Kd2 Qxa2+ 56. Kc3 Qc4+ 57. Kd2 Qd3+ 58. Kc1 Ne1 59. Qh2 Qc4+ 60. Kb1 Qxc6 61. Nb2 Nd3 0-1

[Event "Szansa Chess Open 2022"]
[Site "Warsaw"]
[Date "2022.09.18"]
[Round "8"]
[White "Lapaj, Mateusz"]
[Black "Bespalov, Ivan"]
[Result "1/2-1/2"]
[ECO "B01"]
[WhiteElo "2216"]
[BlackElo "1841"]
[Annotator "TA"]
[PlyCount "82"]
[EventDate "2022.09.17"]
[EventCountry "POL"]
[SourceTitle "playchess.com"]
[Source "ChessBase"]
[SourceQuality "1"]
[TimeControl "900+10"]

1. e4 d5 2. exd5 Qxd5 3. Nc3 Qd6 4. d4 Nf6 5. Nge2 c6 6. g3 {[%emt 0:00:11] B01: Scandinavian Defence.} Bg4 7. Bg2 e6 8. Bf4 {[%emt 0:00:12] White is slightly better.} Qd8 9. h3 Bh5 10. O-O Be7 11. Qd2 O-O {[%emt 0:00:25] [#]} 12. Be3 $146 ({Predecessor:} 12. a3 Nbd7 13. g4 Bg6 14. Bh2 Nb6 15. Kh1 Nc4 16. Qc1 Qd7 17. b3 Nd6 18. Nf4 {½-½ (51) Meier,A (2171)-Fruehauf,N (2082) Zwettl 2012}) 12... Bg6 13. Nf4 Nd5 14. Ncxd5 cxd5 15. Nxg6 {[%emt 0:00:11] White is more active.} hxg6 16. c4 Nc6 17. cxd5 exd5 18. Qe2 Bf6 19. Rfd1 a6 20. Qf3 Qb6 (20... Ne7 $11 {remains equal.}) 21. Qxd5 $16 Rad8 22. Qc5 Qxb2 23. Rab1 (23. d5 $5 Ne5 24. d6 $16) 23... Qe2 (23... Qxa2 $16 {keeps fighting.} 24. d5 (24. Rxb7 Nxd4 25. Kh2 Qa4 $11) 24... Na5) 24. Rd2 $18 Qh5 25. d5 ({Much less strong is} 25. Rxb7 $6 Nxd4 26. Qxh5 (26. Bxd4 Qxc5 27. Bxc5 Rxd2 $11) 26... gxh5 $16) 25... Qf5 (25... Ne5 {was necessary.} 26. g4 (26. Rxb7 Nf3+ 27. Bxf3 Qxf3 $16) 26... Qh4 27. Rxb7 Bg5) 26. Rxb7 Ne5 27. Kh1 $2 ({White should try} 27. g4 $18 Qc8 28. Rc7) 27... Rc8 $1 $11 28. Qa3 (28. Rc7 $11 Rxc7 29. Qxc7) 28... Nc4 $1 $17 29. Qd3 Nxd2 30. Qxd2 Qc2 (30... Rc2 $17 31. Qd1 Rxa2) 31. Qa5 {[%emt 0:00:15] [#]} (31. Qxc2 $11 {and White stays safe.} Rxc2 32. d6) 31... Qd3 (31... Bd4 $1 $19 32. Bxd4 Qd1+ 33. Kh2 Qxd4) 32. Rb3 {[%emt 0:00:12] [#]} (32. Qa4 $15) 32... Qd1+ $1 $19 33. Kh2 {[%emt 0:00:01] [#]} Bd4 $1 34. Bxd4 Qxd4 35. Rf3 Rc2 36. Qxa6 (36. Rf4 $17 Qd3 37. h4) 36... Qxd5 (36... Rxf2 $19 37. Qd3 Qxd3 38. Rxd3 Rxa2) 37. a3 (37. Qxg6 $17 fxg6 38. Rxf8+ Kxf8 39. Bxd5) 37... Qc5 38. Kg1 Qd4 (38... Rd8 $19 {Hoping for ...Rd1+.} 39. Qa4 f5) 39. h4 Qd1+ (39... Rb8 $19 {...Rb1+ is the strong threat.} 40. Rf4 Qc5) 40. Kh2 $17 Qe1 41. Qb6 Rc1 {[%emt 0:00:04] Quite a comeback for Black.  Weighted Error Value: White=0.37/Black=0.30} 1/2-1/2

[Event "Szansa Chess Open 2022"]
[Site "Warsaw"]
[Date "2022.09.18"]
[Round "8"]
[White "Padalka, Artem"]
[Black "Podgorski, Maciej"]
[Result "1-0"]
[ECO "D02"]
[WhiteElo "2184"]
[BlackElo "2059"]
[Annotator "TA"]
[PlyCount "203"]
[EventDate "2022.09.17"]
[EventCountry "POL"]
[SourceTitle "playchess.com"]
[Source "ChessBase"]
[SourceQuality "1"]
[TimeControl "900+10"]

1. d4 d5 2. Nf3 Nf6 3. g3 e6 4. Bg2 c5 5. O-O Nc6 6. c3 Be7 7. Bf4 {[%emt 0:02:21][%cal Oc3c4] D02: 1 d4 d5 2 Nf3 sidelines, including 2...Nf6 3 g3 and 2...Nf6 3 Bf4.} O-O 8. Na3 {[%emt 0:01:14] [#]} Qb6 $146 ({Predecessor:} 8... cxd4 9. cxd4 Qb6 10. Rb1 Bd7 11. Nc2 a5 12. Nfe1 Ne4 13. f3 Nd6 14. Be3 Nb4 {0-1 (37) Martin,L (1808)-Ocantos,M (2249) Villa Martelli 2016}) 9. Rb1 {[%emt 0:02:27] Black is slightly better.} Bd7 10. dxc5 Bxc5 11. b4 Be7 12. Nc2 Ne4 (12... Rac8 $15) 13. Qd3 $1 $11 Bf6 14. c4 Nc3 {[%emt 0:01:19][%cal Od5c4] Threatens to win with ...dxc4!} 15. c5 Qd8 16. Rb3 e5 $2 (16... Ne4 $17) 17. Qxc3 ({White should play} 17. Nxe5 $16 Nxe5 18. Qxc3) 17... exf4 18. Qd3 fxg3 19. hxg3 Qc8 (19... a6 $11) 20. Ncd4 {[%emt 0:00:56] White is more active.} (20. Qxd5 Be6 21. Qe4 Bxb3 22. axb3 Re8 $15) ({Better is} 20. Ne3 $1 $16) 20... Re8 (20... a5 $11) 21. e3 (21. Nb5 $1 $14 {might be stronger.}) 21... a5 22. a3 axb4 23. axb4 h5 24. Nb5 {[%emt 0:00:10] Pair of Knights!} Bf5 25. Qd2 Qd7 26. Nd6 Re7 (26... Red8 $14) 27. Nxf5 $16 ({Reject} 27. Qxd5 $6 Be6 28. Qd3 Bxb3 29. Qxb3 Nd8 $11) 27... Qxf5 28. b5 $1 Nd8 29. Rd3 $1 Rd7 30. Rd1 Rc8 31. Rxd5 (31. Nd4 $16 Bxd4 32. exd4 (32. Rxd4 Ne6 $14)) 31... Rxd5 $11 32. Qxd5 Qxd5 (32... Rxc5 $11 {remains equal.} 33. Qd6 Ne6) 33. Rxd5 $16 Ne6 34. Rxh5 Nxc5 35. Nd4 {[%emt 0:00:18] Black must now prevent Bh3.} b6 36. Nc6 Kf8 $2 (36... Rc7 $16) 37. Rd5 $2 (37. Rh8# {mates}) 37... Ra8 38. Bf3 Ra1+ 39. Kg2 Rb1 40. Nd4 Be7 {[%emt 0:00:14] [#]} (40... Bxd4 $11 {keeps the balance.} 41. exd4 Ne6) 41. Be2 (41. Rh5 $1 $16 Kg8 42. Bd5) 41... Rb2 $14 42. Kf3 Ne6 {[%emt 0:00:19] [#]} (42... g6 $14) 43. Nxe6+ $1 $16 {[%emt 0:00:14] Black is on the road to losing.} fxe6 {[%emt 0:00:02][%mdl 4096] Endgame KRB-KRB} 44. Rd7 g5 (44... Rb4 $142 45. Rc7 Bc5) 45. Bc4 g4+ (45... Ke8 $16 {keeps fighting.} 46. Bxe6 Rxb5) 46. Kxg4 $18 Rxf2 47. Bxe6 Bc5 $2 (47... Re2 {was called for.} 48. Kf3 Rc2) 48. e4 Ke8 49. Rc7 Rb2 (49... Bd4 $142 50. Rb7 Rb2) 50. Rb7 Kd8 51. Bd7 Re2 $2 (51... Bd6 52. Bc6 Bc7) 52. Bc6 Re3 $2 (52... Re1 53. Kf5 Kc8) 53. Kf4 Re1 54. g4 Rf1+ 55. Ke5 Rg1 56. Kf5 (56. Rd7+ $142 Kc8 57. Kf5) 56... Rf1+ 57. Kg6 Rg1 58. Kf5 (58. Rd7+ $142 Kc8 59. g5) 58... Rf1+ 59. Ke6 {[%emt 0:00:06] aiming for g5.} Rg1 60. Rd7+ Kc8 61. Rg7 Be3 62. Kd6 Rd1+ 63. Bd5 Bc5+ 64. Kc6 {[%emt 0:00:08] White wants to mate with Rg8+.} Kd8 65. Rd7+ Kc8 66. e5 {[%emt 0:00:20] Strongly threatening e6.} Rc1 67. Rf7 $2 (67. Rc7+ $18 Kd8 68. Kb7) 67... Bd4+ $2 (67... Be7+ $11 68. Bc4 (68. Kxb6 {leads to mate.} Bd8+) 68... Rxc4+ 69. Kd5 Rc5+ 70. Ke6 Bh4) 68. Kd6 Bc5+ 69. Ke6 {[%emt 0:00:01] And now g5 would win.} Re1 70. g5 {[%emt 0:00:09] Intending g6 and mate.} Bd4 71. Rf5 Rg1 72. Kd6 (72. Kf6 $142 Kd8 73. g6 Rg3 74. g7 Be3 75. g8=Q+ Rxg8 76. Bxg8 Ke8 77. Bd5) 72... Bc5+ 73. Ke6 $2 (73. Kc6 $18) 73... Be3 $2 (73... Bd4 $11 74. Kf7 Kd8) 74. Kf6 Rd1 75. Be6+ Kc7 76. g6 Bh6 77. g7 Bxg7+ 78. Kxg7 {[%emt 0:00:01] KRB-KR} Rb1 79. Rf7+ Kd8 80. Bd7 Rg1+ 81. Kf8 Re1 82. e6 Rxe6 83. Bc6 Re1 84. Rb7 Rf1+ 85. Kg7 Rg1+ 86. Kf6 Re1 87. Rxb6 Kc7 88. Rb7+ Kd6 89. Rd7+ Kc5 90. Rd5+ Kb6 91. Re5 Rd1 92. Ke6 Rd8 93. Ke7 Rd4 94. Bd7 Kc7 95. Rc5+ Kb6 96. Rh5 Kc7 97. Rc5+ Kb6 98. Rc2 {[%emt 0:00:01] White mates.} Rd5 99. Ra2 Rd4 100. Kd8 Rh4 101. Ra6+ Kb7 102. Bc6+ {[%emt 0:00:01] Weighted Error Value: White=0.36/Black=0.52} 1-0

[Event "Szansa Chess Open 2022"]
[Site "Warsaw"]
[Date "2022.09.18"]
[Round "8"]
[White "Alvarado, Carlos"]
[Black "Niezhentsev, Kyrylo"]
[Result "1/2-1/2"]
[ECO "B20"]
[WhiteElo "2108"]
[BlackElo "2009"]
[Annotator "TA"]
[PlyCount "76"]
[EventDate "2022.09.17"]
[EventCountry "POL"]
[SourceTitle "playchess.com"]
[Source "ChessBase"]
[SourceQuality "1"]
[TimeControl "900+10"]

1. e4 c5 2. b3 g6 3. Bb2 Nf6 4. e5 Nd5 5. Bc4 e6 {[%emt 0:00:45] [#]} 6. Nc3 $146 {[%emt 0:00:30] B20: Sicilian: Unusual White 2nd moves.} ({Predecessor:} 6. Bxd5 exd5 7. d4 d6 8. exd6 Bg7 9. Nf3 O-O 10. O-O Nc6 11. Qc1 cxd4 12. h3 Bf5 13. Rd1 Rc8 14. Na3 Qxd6 15. Nb5 Qd7 16. Nbxd4 Rfd8 {½-½ (16) Petenyi,T (2464)-Jirovsky,M (2480) Czech Republic 2014}) 6... Nxc3 7. Bxc3 Bg7 8. Nf3 Nc6 9. O-O O-O 10. Re1 d5 11. exd6 Qxd6 12. Bxg7 Kxg7 13. Bb5 Nd4 14. Nxd4 cxd4 15. Qe2 a6 16. Bd3 Bd7 17. a4 Bc6 18. Qe5+ Qxe5 19. Rxe5 Rac8 20. Bc4 Rfd8 21. a5 Rd7 22. f3 Bd5 23. d3 Bc6 24. Rc5 Rdc7 25. Kf2 Bd5 26. Rxc7 Rxc7 $11 {[%emt 0:00:01][%mdl 4096] Endgame KRB-KRB} 27. Ke2 Bc6 28. Kd2 Kf6 29. b4 Ke5 30. Rb1 Bb5 (30... Kf4 $11 {is superior.}) 31. Bb3 (31. Re1+ $14 Kd6 32. Bxb5 axb5 33. f4) 31... Kd6 (31... h5 $15) 32. f4 {[%emt 0:00:11] The position is equal.} Rc3 33. g3 h5 34. Ba2 Ba4 35. Rb2 Bb5 36. Rb1 Ba4 37. Rb2 Bb5 38. Rb1 Ba4 {[%emt 0:00:01] A balanced but interesting game.  Weighted Error Value: White=0.10 (very precise) /Black=0.09 (flawless)} 1/2-1/2

[Event "Szansa Chess Open 2022"]
[Site "Warsaw"]
[Date "2022.09.18"]
[Round "8"]
[White "Smieszek, Wojciech"]
[Black "Golecki, Jan"]
[Result "0-1"]
[ECO "C72"]
[WhiteElo "2082"]
[BlackElo "2193"]
[Annotator "TA"]
[PlyCount "106"]
[EventDate "2022.09.17"]
[EventCountry "POL"]
[SourceTitle "playchess.com"]
[Source "ChessBase"]
[SourceQuality "1"]
[TimeControl "900+10"]

1. e4 e5 2. Nf3 Nc6 3. Bb5 a6 4. Ba4 d6 5. O-O Bd7 6. c3 g6 7. Qe2 {[%emt 0:00:54] C72: Ruy Lopez: Deferred Steinitz: 5 0-0.} Bg7 8. Rd1 Nf6 9. d4 {[%emt 0:00:20] The position is equal.} O-O {[%emt 0:00:02][%cal Oc6d4] [#]} 10. Bc2 $146 ({Predecessor:} 10. Bxc6 Bxc6 11. dxe5 Nxe4 12. Nd4 Qe8 13. Nxc6 Qxc6 14. f3 Nc5 15. exd6 Rfe8 16. Qf2 {1-0 (70) Tallaksen,L (2276)-Lie,K (2538) Norway 2018}) 10... h6 11. Nbd2 (11. dxe5 $14 dxe5 12. Be3) 11... Qe7 ({Black should try} 11... exd4 $11 12. Nxd4 Re8) 12. Nf1 (12. d5 $14 Nd8 13. Nb3) 12... Rae8 (12... exd4 $11 13. cxd4 Rae8) 13. Ne3 $2 (13. d5 $14 {stays ahead.}) 13... Nd8 $2 (13... exd4 $17 14. cxd4 Nxe4) 14. dxe5 $16 dxe5 15. Bb3 ({Better is} 15. a4 $16) 15... Bc6 16. Nd5 Nxd5 17. exd5 Bd7 (17... Bb5 {is interesting.} 18. Qd2 Kh7 19. d6 Qd7) 18. Be3 Kh7 19. a4 e4 20. Nd4 f5 {[%emt 0:00:02] Threatens to win with ...f4.} 21. Bf4 Bc8 22. Qc4 Be5 23. Bxe5 Qxe5 24. d6 (24. Re1 $11) 24... c5 $2 {[%emt 0:00:55] [#]} (24... Qxd6 $17 {keeps the pressure on.} 25. a5 Qe5) 25. Ne2 $2 (25. Nf3 $1 $16 {[%cal Rf3e5] is necessary to keep the advantage.} Qe6 26. Nd2) 25... Be6 $19 26. Rd5 Bxd5 (26... Qxd5 $2 {too greedy.} 27. Qxd5 Bxd5 28. Bxd5 $19) 27. Qxd5 Qxd5 28. Bxd5 Rf6 29. Rd1 ({Much weaker is} 29. d7 Ref8 30. Rd1 Kg7 $19) 29... Nf7 ({Inferior is} 29... Rxd6 30. Bg8+ Kxg8 31. Rxd6 $17) 30. d7 Rd8 31. Bxb7 Nd6 $2 (31... Rb6 $19 32. Bc8 Nd6) 32. Bxa6 $15 Rxd7 {[%emt 0:00:09] White must now prevent ...Ra7.} 33. b4 (33. Nf4 $1 $15 {is superior.}) 33... Ra7 $17 34. b5 Nc4 35. Rd5 (35. h4 $17) 35... Nb6 $36 {[%emt 0:00:01][%csl LRa4,LRd5][%mdl 2048] Black has strong initiative.} 36. Rxc5 Nxa4 37. Rc4 (37. Rc8 {was called for.}) 37... Nb6 38. Rc5 Rd6 39. Nd4 (39. h4 $142) 39... Na4 40. Rc6 Rad7 (40... Rxc6 $19 {has better winning chances.} 41. Nxc6 Rd7) 41. g3 {[%emt 0:01:15] [#]} (41. h4 $17) 41... Nxc3 $1 42. Rxc3 {[%emt 0:00:06] aiming for Nc2.} Rxd4 {[%emt 0:00:01][%mdl 4096] Endgame KRR-KRB} 43. b6 Rb4 {[%emt 0:00:34] Prevents Rb3.} 44. Rc7 Rg7 45. Rc6 h5 46. h4 (46. Kf1 $17 {was worth a try.}) 46... Kh6 47. b7 $2 (47. Bc8) 47... Rd7 48. Kf1 {[%emt 0:00:47] [#]} Rd2 $1 {[%emt 0:00:11] Hoping for ...Rb1+.} 49. Ke1 Ra2 {[%emt 0:00:01] ( -> ...Rb1+)} 50. Kf1 $2 (50. Kd1) 50... Rb1+ 51. Kg2 e3 52. Rc1 Rxf2+ 53. Kh3 Rxc1 {[%emt 0:00:01] Weighted Error Value: White=0.77/Black=0.36} 0-1

[Event "Szansa Chess Open 2022"]
[Site "Warsaw"]
[Date "2022.09.18"]
[Round "8"]
[White "Omar, Ahmed"]
[Black "Derylo, Kamil"]
[Result "0-1"]
[ECO "A01"]
[WhiteElo "2064"]
[BlackElo "2143"]
[Annotator "TA"]
[PlyCount "90"]
[EventDate "2022.09.17"]
[EventCountry "POL"]
[SourceTitle "playchess.com"]
[Source "ChessBase"]
[SourceQuality "1"]
[TimeControl "900+10"]

1. b3 d5 2. e3 Bf5 3. Bb2 e6 4. f4 Nf6 5. Nf3 Nbd7 6. h3 {[%emt 0:00:04] A03: Bird's Opening with 1...d5.} Bd6 {[%emt 0:00:16] [#]} (6... Ne4 $5 ) 7. g4 $146 ({Predecessor:} 7. Be2 h6 8. O-O O-O 9. d3 c6 10. Nbd2 Qc7 11. Nh4 Bh7 12. g4 e5 13. f5 Rfe8 {1-0 (92) Bocian,B (1450)-Niemier,H (1332) Kalisz 2013}) 7... Be4 8. Bg2 {[%emt 0:00:02] The position is equal.} e5 9. d3 Bxf3 10. Qxf3 {[%emt 0:00:03] Strongly threatening g5.} e4 11. Qf2 (11. Qe2 $5 exd3 12. cxd3 $16) 11... Qe7 (11... exd3 $14 12. cxd3 O-O) 12. Nc3 (12. g5 $1 $18) 12... exd3 $14 13. cxd3 {[%emt 0:00:24] g5 is the strong threat.} d4 (13... c6 $1 $14) 14. Nb5 $1 $16 dxe3 15. Nxd6+ cxd6 16. Qf3 Nc5 17. O-O-O {[%emt 0:00:18][%mdl 1024] White has strong compensation.} O-O 18. g5 Nfd7 19. Rhe1 Rfe8 20. Kb1 a5 21. Bd4 a4 ({Black should try} 21... Nf8) 22. Rxe3 Qd8 23. b4 Ne6 24. Ba1 {[%emt 0:00:29] This bishop pair is nice.} (24. Qxb7 $2 Rb8 25. Rxe6 Rxb7 26. Rxe8+ Qxe8 $19) (24. Bc3 $1 $16) 24... Qb6 (24... a3 $1 $14) 25. a3 $18 d5 26. Rde1 Red8 $2 (26... Kf8 27. f5 (27. Qxd5 Nxf4 28. Rxe8+ Rxe8 $16) 27... Nc7) 27. Qe2 $2 (27. Qxd5 Nxf4 28. Qxb7 Nxg2 29. Qxg2 Qg6 $16) (27. f5 $18 Nd4 28. Qxd5) 27... Nxf4 $11 28. Qb2 d4 {[%emt 0:00:13] Active counter play!} 29. Rf3 (29. Bxb7 $11 {remains equal.} Rab8 30. Rf3) 29... Ne6 (29... Re8 $17 30. Ref1 (30. Rxe8+ $2 Rxe8 31. Rf1 Re2 $19) 30... Nxg2 31. Qxg2 Ne5) 30. h4 Rac8 31. Bh3 {[%emt 0:00:06][%cal Of3f7] Black must now prevent Rxf7!} Ndf8 {[%emt 0:00:22] And now ...Rc3 would win.} 32. Qf2 Rc7 33. Re4 (33. Rf1 $11) 33... Rdc8 {[%emt 0:00:47] aiming for ...Rc1+.} 34. Bb2 {[%emt 0:00:02] Against Rc1+} ({Not} 34. Bxe6 $2 Rc1+ 35. Ka2 Nxe6 $19) 34... Rc2 (34... Qb5 $17 {Threatens to win with ...Qd5.} 35. Qd2 Qd5 36. Bxe6 fxe6) 35. Qxc2 ({Better is} 35. Re2 $1 $15 Rxe2 36. Qxe2) 35... Rxc2 $17 36. Kxc2 Qc6+ 37. Kb1 Qd5 38. Rf5 $2 (38. Ka1 $15) 38... Qb3 $19 39. Bf1 Qd1+ 40. Ka2 {[%emt 0:00:05] [#]} Ng6 $1 41. Be2 {[%emt 0:00:03] [#]} Qb3+ ({Inferior is} 41... Qc2 42. Rf1 $17) 42. Kb1 Ne7 43. Rb5 (43. Rfe5 $142 Kf8 44. Kc1) 43... Nd5 {[%emt 0:00:06] The board is on fire.} 44. Ka1 $2 (44. Rxd5 $19 Qxd5 45. Bd1) 44... Nc3 45. Bxc3 dxc3 {[%emt 0:00:03] What a bad dream for White.  Weighted Error Value: White=0.49/Black=0.30} 0-1

[Event "Szansa Chess Open 2022"]
[Site "Warsaw"]
[Date "2022.09.18"]
[Round "8"]
[White "Kutowski, Marcel"]
[Black "Klim, Filip"]
[Result "1/2-1/2"]
[ECO "B92"]
[WhiteElo "2046"]
[BlackElo "2011"]
[Annotator "TA"]
[PlyCount "80"]
[EventDate "2022.09.17"]
[EventCountry "POL"]
[SourceTitle "playchess.com"]
[Source "ChessBase"]
[SourceQuality "1"]
[TimeControl "900+10"]

1. e4 c5 2. Nf3 d6 3. d4 cxd4 4. Nxd4 Nf6 5. Nc3 a6 6. Be2 e5 7. Nb3 Be7 8. Be3 Be6 9. Nd5 Bxd5 10. exd5 Nbd7 11. O-O {[%emt 0:00:29] 11.c4 injects fresh life into this line.} O-O 12. c4 Rc8 13. Rc1 {[%emt 0:00:02] B92: Sicilian Najdorf: 6 Be2.} Ne8 14. Qd2 f5 15. f4 Nef6 {[%emt 0:01:56] [#]} 16. Bf3 $146 ({Predecessor:} 16. Bd3 e4 17. Be2 Nc5 18. Nd4 Qe8 19. Nxf5 Ncd7 20. Nd4 Rf7 21. Ne6 Nf8 22. f5 {0-1 (52) Walter,K (1845)-Fluechter,G (1880) Playchess.com INT 2012}) 16... b5 (16... Re8 $11) 17. cxb5 {[%emt 0:01:09] White is more active.} (17. Na5 $1 $16) 17... axb5 18. Na5 e4 $2 (18... Rxc1 $11 {and Black has nothing to worry.} 19. Rxc1 exf4 20. Bxf4 Qb6+ 21. Kh1 Nc5) 19. Be2 $18 Kh8 20. Nc6 Qe8 21. Bxb5 Bd8 (21... Ng4 $142 22. Bd4 Bh4) 22. h3 Qf7 23. Rfd1 Bb6 {[%emt 0:00:19][%cal Of7d5] ...Qxd5! is the strong threat.} 24. Bc4 (24. a4 $1 $18) 24... Nh5 25. Nd4 (25. a4 $1 $16) 25... Rxc4 $4 26. Rxc4 {[%emt 0:00:02] Black must now prevent Ne6.} Qxd5 27. b3 {[%emt 0:00:18] And now Nc2 would win.} g5 {[%emt 0:00:23] [#]} 28. Nc2 ({Not} 28. fxg5 f4 29. Qc3 Qe5 $11) (28. Nxf5 $1 $18 Qxf5 29. Bxb6 Nxb6 30. Qd4+ Kg8 31. Qxb6) 28... Qxd2 29. Rxd2 gxf4 $2 (29... Bxe3+ $16 {is a better chance.} 30. Nxe3 gxf4 31. Nxf5 (31. Rxd6 Ne5 $11) 31... Rxf5) 30. Bxb6 ({Weaker is} 30. Rxd6 fxe3 31. Rxd7 e2+ 32. Kh2 Bf2 $17) 30... Nxb6 31. Rc6 Nd7 32. Rcxd6 Ne5 33. R6d5 Nd3 34. R5xd3 exd3 35. Rxd3 {[%emt 0:00:01][%mdl 4096] Endgame KRN-KRN} (35. Nb4 $18 {is more deadly.}) 35... Rc8 $16 {[%emt 0:00:06] [#]} 36. Rd2 ({White should play} 36. Ne1 $1 $16) 36... Ng3 $1 $11 {[%emt 0:00:02] The position is equal.} 37. a4 Ne4 38. Re2 Ng3 39. Rf2 Ne4 40. Re2 Ng3 {[%emt 0:00:01] Blacks defense is rewarded with a draw.  Weighted Error Value: White=0.54/Black=0.56} 1/2-1/2